 Dungeon Crawl Stone Soup version 0.16-a0-4123-g49b462e (webtiles) character file.

11202 Chiseanne the Dealer of Despair (level 12, -11/58 (59) HPs)
             Began as a Kobold Necromancer on Mar 2, 2015.
             Was an Elder of Kikubaaqudgha.
             Mangled by a stone giant (32 damage)
             ... on level 11 of the Dungeon.
             The game lasted 01:16:17 (16821 turns).

Chiseanne the Dealer of Despair (KoNe)             Turns: 16821, Time: 01:16:17

HP:   -11/58 (59)   AC: 14    Str:  2    XL:     12   Next: 4%
MP:   22/31         EV: 15    Int: 27    God:    Kikubaaqudgha [****..]
Gold: 412           SH:  6    Dex: 22    Spells: 10 memorised, 5 levels left

rFire  . . .     SeeInvis .     w - +0 blowgun
rCold  + . .     Clarity  .     y - +1 ring mail "Shepem" {Regen+ Str-5 Int+10}
rNeg   . . .     SustAb   .     r - +0 buckler
rPois  +         Gourm    .     j - +0 helmet
rElec  .         Spirit   .     o - +2 cloak {rPois}
rCorr  .         Warding  .     I - +1 pair of gloves
rMut   +         Stasis   .     M - +0 pair of boots
MR     .....                    l - amulet of resist mutation
Stlth  +++++.....               E - ring of protection from cold
                                x - ring of wizardry

@: agile, regenerating, not resistant to hostile enchantments, quite stealthy
A: carnivore 3
a: Receive Corpses, Renounce Religion


You were on level 11 of the Dungeon.
You worshipped Kikubaaqudgha.
Kikubaaqudgha was greatly pleased with you.
You were full.

You visited 2 branches of the dungeon, and saw 12 of its levels.
You also visited: Ossuary.

You collected 761 gold pieces.
You spent 349 gold pieces at shops.

Inventory:

Hand weapons
 a - a +1 flail of protection
 d - a +4 quarterstaff of chaos
 f - a +1 war axe of freezing
 p - a +2 falchion of holy wrath
 s - a +0 whip of flaming
 w - a +0 blowgun (weapon)
 H - a +1 vampiric rapier
Missiles
 n - 30 poisoned needles (quivered)
 q - 3 throwing nets
Armour
 h - a +2 robe of magic resistance
 j - a +0 helmet (worn)
 o - a +2 cloak of poison resistance (worn)
 r - a +0 buckler (worn)
 y - the +1 ring mail "Shepem" (worn) {Regen+ Str-5 Int+10}
   (You found it on level 6 of the Dungeon)

   It affects your strength (-5).
   It affects your intelligence (+10).
   It increases your rate of regeneration.
 I - a +1 pair of gloves (worn)
 J - the +2 cloak "Xievvaoth" {SInv}
   (You bought it in a shop on level 8 of the Dungeon)

   It enhances your eyesight.
 M - a +0 pair of boots (worn)
Magical staves
 u - an uncursed staff of conjuration
Jewellery
 l - an amulet of resist mutation (around neck)
 x - a ring of wizardry (left hand)
 E - a ring of protection from cold (right hand)
 L - an uncursed ring of see invisible
 S - an uncursed ring of protection from cold
Magical devices
 G - a wand of digging (13)
 U - a wand of hasting (1)
Scrolls
 g - a scroll of recharging
 m - 5 scrolls of remove curse
 v - 3 scrolls of amnesia
 z - 3 scrolls of fear
 O - 2 scrolls of teleportation
 P - a scroll of enchant armour
Potions
 e - 4 potions of resistance
 i - a potion of brilliance
 k - 2 potions of agility
 t - a potion of ambrosia {unknown}
 A - a potion of berserk rage {unknown}
 B - 2 potions of haste
 X - a potion of curing
Books
 b - a book of Necromancy

   Spells                             Type                      Level
   a - Pain                           Necromancy                   1
   b - Animate Skeleton               Necromancy                   1
   c - Vampiric Draining              Necromancy                   3
   d - Regeneration                   Charms/Necromancy            3
   e - Animate Dead                   Necromancy                   4
   f - Control Undead                 Necromancy                   4
 C - Kikubaaqudgha's Handbook of Unholy Rites {god gift}
   (Kikubaaqudgha gifted it to you on level 7 of the Dungeon)

   Spells                             Type                      Level
   a - Pain                           Necromancy                   1
   b - Corpse Rot                     Necromancy                   2
   c - Sublimation of Blood           Necromancy                   2
   d - Regeneration                   Charms/Necromancy            3
   e - Control Undead                 Necromancy                   4
 D - a book of Minor Magic

   Spells                             Type                      Level
   a - Magic Dart                     Conjuration                  1
   b - Blink                          Translocation                2
   c - Call Imp                       Summoning                    2
   d - Repel Missiles                 Charms/Air                   2
   e - Slow                           Hexes                        2
   f - Conjure Flame                  Conjuration/Fire             3
   g - Mephitic Cloud                 Conjuration/Poison/Air       3
 Q - Kikubaaqudgha's Disquisition on Stolen Souls {god gift}
   (Kikubaaqudgha gifted it to you on level 10 of the Dungeon)

   Spells                             Type                      Level
   a - Animate Dead                   Necromancy                   4
   b - Agony                          Necromancy                   5
   c - Dispel Undead                  Necromancy                   5
   d - Simulacrum                     Ice/Necromancy               6
   e - Death Channel                  Necromancy                   6
 V - a book of Battle

   Spells                             Type                      Level
   a - Infusion                       Charms                       1
   b - Shroud of Golubria             Charms/Translocation         2
   c - Song of Slaying                Charms                       2
   d - Spectral Weapon                Hexes/Charms                 3
   e - Regeneration                   Charms/Necromancy            3
 Y - a book of Beasts

   Spells                             Type                      Level
   a - Summon Butterflies             Summoning                    1
   b - Call Canine Familiar           Summoning                    3
   c - Summon Ice Beast               Ice/Summoning                4
   d - Summon Mana Viper              Hexes/Summoning              5
   e - Monstrous Menagerie            Summoning                    6
   f - Summon Hydra                   Summoning                    7
Miscellaneous
 N - a fan of gales (inert)
 R - a plain deck of summoning {drawn: 2}
 T - a phial of floods (inert)
Comestibles
 c - 3 meat rations
 F - a beef jerky
 K - 7 royal jellies


   Skills:
 * Level 4.0 Armour
 - Level 4.5 Dodging
 - Level 6.6 Stealth
 * Level 2.1 Shields
 * Level 11.1 Spellcasting
 * Level 11.8 Necromancy


You had 5 spell levels left.
You knew the following spells:

 Your Spells              Type           Power        Failure   Level  Hunger
a - Pain                  Necr           ####         1%          1    None
b - Animate Skeleton      Necr           N/A          1%          1    None
c - Vampiric Draining     Necr           ######....   1%          3    None
d - Regeneration          Chrm/Necr      #####.....   7%          3    None
e - Animate Dead          Necr           N/A          1%          4    None
f - Control Undead        Necr           ######....   1%          4    None
g - Blink                 Tloc           N/A          52%         2    None
h - Repel Missiles        Chrm/Air       ###...       52%         2    None
i - Mephitic Cloud        Conj/Pois/Air  ###.....     82%         3    None
j - Agony                 Necr           ######..     4%          5    ###....


Dungeon Overview and Level Annotations

Branches:
Dungeon (11/15)            Temple (1/1) D:5             Orc (0/4) D:11
   Lair: D:8-11

Altars:
Ashenzari
Cheibriados
Dithmenos
Elyvilon
Fedhas
Gozag
Kikubaaqudgha
Makhleb
Nemelex Xobeh
Okawaru
Qazlal
Ru
Sif Muna
Trog
Vehumet
Xom
Yredelemnul
Zin
The Shining One
Beogh

Shops:
D:8 [


Innate Abilities, Weirdness & Mutations

You are small and have problems with some larger weapons.
You are carnivorous and can eat meat at any time.


Message History

The stone giant hits you.
Casting: Regeneration
Confirm with . or Enter, or press ? or * to list all spells.
Aiming: Vampiric Draining
Press: ? - help, Shift-Dir - straight line, f - stone giant, p - hill giant
Aim: a stone giant (lightly wounded, poisoned)
The stone giant is lightly wounded.
You feel life coursing into your body. The stone giant hits you!!!
Ouch! That really hurt!
* * * LOW HITPOINT WARNING * * *
Casting: Vampiric Draining
Confirm with . or Enter, or press ? or * to list all spells.
Aiming: Vampiric Draining
Press: ? - help, Shift-Dir - straight line, f/p - stone giant
Aim: a stone giant (moderately wounded, poisoned)
The stone giant is moderately wounded.
You feel life coursing into your body. The stone giant hits you!!
Ouch! That really hurt!
You die...
Kikubaaqudgha rasps: "You have failed me!
Welcome... death!"

########## #############
##........#.............#
C'C.......'.............#
##..C.....#.............#
####'#####.............#######
#)##############'####.....###
#))......CCC@.......'.....'<#
#############.......####'####
####.####.......####.####
######.......#.......#...Z...#
##....P.......#.......#.......P
(..............###'''###........
................................#
.................................
..............................###


You could see a stone giant and 2 hill giants.

Vanquished Creatures
  2 hill giants (D:11)
  Psyche (D:8)
  A two-headed ogre (D:10)
  A queen bee (D:10)
  Prince Ribbit (D:4)
  3 yaks (D:10)
  2 steam dragons
  2 wraiths
  A hungry ghost (D:8)
  A warg (D:11)
  2 wolves (D:11)
  2 sky beasts
  A necrophage (D:7)
  4 ice beasts
  An ogre (D:10)
  4 centaurs
  A crocodile (D:7)
  3 orc warriors
  Duvessa (D:4)
  A big kobold (D:8)
  An elf zombie (Ossuary)
  2 giant frogs
  2 wights (D:6)
  2 scorpions (D:7)
  18 killer bees (D:10)
  Dowan (D:4)
  3 crimson imps
  A centaur zombie (Ossuary)
  2 giant frog zombies
  2 goliath beetles (D:8)
  7 hounds
  5 orc priests
  Crazy Yiuf (D:4)
  3 jellies
  8 orc wizards
  6 worker ants
  3 iguanas
  2 mummies (Ossuary)
  17 adders
  2 river rats (D:3)
  2 giant mites
  4 worms
  4 adder zombies
  8 giant geckos
  32 orcs
  8 giant cockroaches
  2 gnoll zombies (D:8)
  21 hobgoblins
  14 jackals
  17 kobolds
  3 quokkas
  2 ball pythons
  12 bats
  A giant gecko skeleton (D:4)
  9 giant newts
  19 goblins
  A goblin zombie (Ossuary)
  4 hobgoblin zombies (Ossuary)
  2 jackal zombies
  5 kobold zombies (Ossuary)
  5 orc zombies (Ossuary)
  A quokka skeleton (D:6)
  17 rats
  3 rat zombies
319 creatures vanquished.

Vanquished Creatures (collateral kills)
  Harold (D:10)
  7 hill giants
  A cyclops (D:11)
  A gargoyle (D:10)
  Joseph (D:10)
  The ghost of hornqvist the Covert, an average VSAs of Okawaru (Ossuary)
  A yak (D:10)
  2 hungry ghosts
  A steam dragon (D:10)
  3 wargs
  A sky beast (D:9)
  An ogre (D:10)
  4 orc warriors (D:10)
  A big kobold (D:5)
  2 elf zombies (Ossuary)
  A giant frog (D:10)
  7 killer bees (D:10)
  3 wights (D:6)
  A quasit (D:9)
  A jelly (D:8)
  2 giant frog zombies
  An orc wizard (D:10)
  A killer bee zombie (D:10)
  A hound skeleton (D:10)
  A gnoll (D:8)
  An adder (D:7)
  2 shadow imps
  11 orcs
  A bat (D:10)
  A giant cockroach (D:1)
  A goblin (D:4)
  A hobgoblin (D:5)
  2 kobolds (D:5)
  A ball python skeleton (D:4)
  A giant newt (D:2)
  3 hobgoblin zombies (Ossuary)
  5 kobold zombies (Ossuary)
  4 orc zombies (Ossuary)
  3 quokkas
  A rat (D:1)
  A fungus (D:4)
86 creatures vanquished.

Vanquished Creatures (others)
  An air elemental (D:10)
  3 hill giant zombies (D:11)
  A water elemental (D:11)
  2 centaurs (D:11)
  A cyclops zombie (D:11)
  2 warg zombies (D:11)
  A wolf zombie (D:11)
  A two-headed ogre zombie (D:10)
  A giant frog skeleton (D:10)
  11 killer bee zombies (D:10)
  A sky beast zombie (D:8)
  2 hound zombies
  A worker ant zombie (D:11)
  2 steam dragon zombies
  A gnoll skeleton (D:4)
  An iguana skeleton (D:8)
  4 adder skeletons
  3 bat skeletons
  2 bat zombies
  A giant mite zombie (D:6)
  2 giant cockroach zombies (D:6)
  A giant gecko skeleton (D:1)
  A giant newt skeleton (D:4)
  5 goblin skeletons
  2 goblin zombies
  5 hobgoblin skeletons
  7 hobgoblin zombies
  7 jackal skeletons
  2 jackal zombies (D:8)
  3 kobold skeletons
  4 kobold zombies
  7 orc skeletons
  13 orc zombies
  4 rat skeletons
  A rat zombie (D:8)
106 creatures vanquished.

Grand Total: 511 creatures vanquished

Notes
Turn   | Place    | Note
--------------------------------------------------------------
     0 | D:1      | Chiseanne, the Kobold Necromancer, began the quest for the Orb.
     0 | D:1      | Reached XP level 1. HP: 10/10 MP: 3/3
   155 | D:1      | Learned a level 1 spell: Animate Skeleton
   339 | D:1      | Reached XP level 2. HP: 7/15 MP: 1/4
   749 | D:1      | Reached XP level 3. HP: 16/19 MP: 1/6
  1609 | D:1      | Learned a level 3 spell: Vampiric Draining
  2021 | D:2      | Reached XP level 4. HP: 24/24 MP: 6/8
  2348 | D:2      | Learned a level 3 spell: Regeneration
  2675 | D:2      | Found a stormy altar of Qazlal.
  2679 | D:2      | Found a blossoming altar of Fedhas.
  2849 | D:2      | Reached XP level 5. HP: 22/28 MP: 1/11
  3345 | D:2      | You fall through a shaft!
  3660 | D:3      | Found a white marble altar of Elyvilon.
  3697 | D:3      | Reached skill level 5 in Necromancy
  3861 | D:3      | Found a glowing drain.
  4305 | D:4      | Reached XP level 6. HP: 28/32 MP: 8/13
  4371 | D:4      | HP: 1/32 [something (2)]
  5155 | D:4      | Learned a level 4 spell: Animate Dead
  5319 | D:4      | Noticed Prince Ribbit
  5332 | D:4      | Killed Prince Ribbit
  5332 | D:4      | Reached skill level 6 in Necromancy
  5332 | D:4      | Reached XP level 7. HP: 12/36 MP: 2/18
  5963 | D:4      | Noticed Crazy Yiuf
  6003 | D:4      | Killed Crazy Yiuf
  6003 | D:4      | Reached skill level 5 in Spellcasting
  6133 | D:4      | Noticed Duvessa
  6133 | D:4      | Noticed Dowan
  6147 | D:4      | Killed Duvessa
  6158 | D:4      | Killed Dowan
  6158 | D:4      | Reached XP level 8. HP: 33/41 MP: 0/20
  6299 | D:4      | Found a sacrificial altar of Ru.
  6490 | D:5      | Entered Level 5 of the Dungeon
  6755 | D:4      | Your ally Crazy Yiuf died
  7087 | D:5      | Learned a level 4 spell: Control Undead
  7325 | D:5      | Reached skill level 7 in Necromancy
  7336 | D:5      | Reached skill level 5 in Stealth
  7870 | D:5      | Found a staircase to the Ecumenical Temple.
  7878 | Temple   | Entered the Ecumenical Temple
  7994 | Temple   | Became a worshipper of Kikubaaqudgha
  8336 | D:6      | Got a faintly glowing ring mail
  8371 | D:6      | Identified the +1 ring mail "Shepem" {Regen+ Str-5 Int+10} (You found it on level 6 of the Dungeon)
  8680 | D:6      | Reached XP level 9. HP: 42/45 MP: 10/23
  8904 | D:6      | Found a sand-covered staircase.
  8918 | Ossuary  | Entered an ossuary
  8960 | Ossuary  | Noticed hornqvist's ghost (average VSAs)
  9070 | Ossuary  | Killed hornqvist's ghost
  9105 | Ossuary  | Reached skill level 1 in Armour
  9105 | Ossuary  | Reached skill level 8 in Necromancy
  9909 | D:7      | Found a glowing golden altar of the Shining One.
  9999 | D:7      | Found a shadowy altar of Dithmenos.
 10592 | D:7      | Acquired Kikubaaqudgha's first power
 10592 | D:7      | Received a gift from Kikubaaqudgha
 10593 | D:7      | Identified Kikubaaqudgha's Handbook of Unholy Rites {god gift} (Kikubaaqudgha gifted it to you on level 7 of the Dungeon)
 10803 | D:7      | Noticed a moth of wrath
 10806 | D:7      | Found a bloodstained altar of Trog.
 11332 | D:8      | Found Chomeack's Antique Armour Shoppe.
 11489 | D:8      | Reached skill level 9 in Necromancy
 11508 | D:8      | Reached XP level 10. HP: 40/49 MP: 14/25
 11902 | D:8      | Found a basalt altar of Yredelemnul.
 12102 | D:8      | Found an opulent altar of Gozag.
 12235 | D:8      | Acquired Kikubaaqudgha's second power
 12252 | D:8      | Learned a level 2 spell: Blink
 12255 | D:8      | Learned a level 2 spell: Repel Missiles
 12259 | D:8      | Learned a level 3 spell: Mephitic Cloud
 12323 | D:8      | Found a shattered altar of Ashenzari.
 12323 | D:8      | Found a snail-covered altar of Cheibriados.
 12369 | D:8      | Bought a pair of embroidered gloves for 112 gold pieces
 12369 | D:8      | Bought a brightly glowing cloak for 237 gold pieces
 12385 | D:8      | Identified the +2 cloak "Xievvaoth" {SInv} (You bought it in a shop on level 8 of the Dungeon)
 12746 | D:9      | Noticed Psyche
 12758 | D:8      | Killed Psyche
 13448 | D:9      | Reached skill level 10 in Necromancy
 13699 | D:10     | Entered Level 10 of the Dungeon
 14099 | D:10     | Reached XP level 11. HP: 48/53 MP: 3/29
 14437 | D:10     | Received a gift from Kikubaaqudgha
 14438 | D:10     | Identified Kikubaaqudgha's Disquisition on Stolen Souls {god gift} (Kikubaaqudgha gifted it to you on level 10 of the Dungeon)
 14690 | D:10     | Learned a level 5 spell: Agony
 14738 | D:10     | Noticed Joseph
 14746 | D:10     | Killed Joseph
 14746 | D:10     | Reached skill level 10 in Spellcasting
 14932 | D:10     | Noticed Harold
 14957 | D:10     | Killed Harold
 14957 | D:10     | Reached skill level 11 in Necromancy
 15094 | D:10     | Reached skill level 1 in Shields
 15809 | D:11     | Acquired Kikubaaqudgha's third power
 15824 | D:11     | Found a roughly hewn altar of Beogh.
 15965 | D:11     | Found a staircase to the Orcish Mines.
 16018 | D:11     | Noticed a hill giant
 16026 | D:11     | Noticed a hill giant
 16026 | D:11     | Killed a hill giant
 16027 | D:11     | Noticed a hill giant
 16028 | D:11     | Noticed a hill giant
 16031 | D:11     | Noticed a hill giant
 16031 | D:11     | Noticed a hill giant
 16036 | D:11     | Killed a hill giant
 16059 | D:11     | Killed a hill giant
 16115 | D:10     | Killed a hill giant
 16195 | D:10     | Killed a hill giant
 16447 | D:11     | Killed a hill giant
 16450 | D:11     | Noticed a cyclops
 16461 | D:11     | Killed a cyclops
 16661 | D:11     | Noticed a hill giant
 16661 | D:11     | Noticed a hill giant
 16661 | D:11     | Noticed a hill giant
 16674 | D:11     | Killed a hill giant
 16686 | D:11     | Killed a hill giant
 16686 | D:11     | Reached XP level 12. HP: 58/58 MP: 31/31
 16714 | D:11     | Killed a hill giant
 16782 | D:11     | Noticed a hill giant
 16782 | D:11     | Noticed a hill giant
 16782 | D:11     | Noticed a hill giant
 16783 | D:11     | Noticed a cyclops
 16783 | D:11     | Noticed a stone giant
 16785 | D:11     | Noticed a cyclops
 16821 | D:11     | Mangled by a stone giant

Action                   |  1- 3 |  4- 6 |  7- 9 | 10-12 || total
-------------------------+-------+-------+-------+-------++-------
Melee: Club              |    12 |     1 |       |       ||    13
       Dagger            |       |    39 |    58 |       ||    97
       Quarterstaff      |       |       |    61 |    84 ||   145
       Flail             |       |       |     1 |    32 ||    33
 Fire: Blowgun           |       |       |    18 |    33 ||    51
 Cast: Pain              |    50 |   139 |   187 |   219 ||   595
       Animate Skeleton  |    13 |    24 |    17 |    13 ||    67
       Vampiric Draining |       |    13 |    48 |    76 ||   137
       Animate Dead      |       |       |    24 |    32 ||    56
       Control Undead    |       |       |     9 |     2 ||    11
       Regeneration      |       |       |     3 |     6 ||     9
       Blink             |       |       |       |     1 ||     1
       Repel Missiles    |       |       |       |     1 ||     1
       Agony             |       |       |       |     4 ||     4
Evoke: Fan of gales (ine |       |       |       |     1 ||     1
       Wand              |       |       |       |     9 ||     9
       Deck              |       |       |       |     2 ||     2
       Phial of floods ( |       |       |       |     1 ||     1
  Use: Scroll            |     3 |     7 |     8 |     4 ||    22
       Potion            |       |     4 |     1 |     3 ||     8
 Stab: Sleeping          |     1 |     2 |     4 |     3 ||    10
       Distracted        |       |       |     1 |     1 ||     2
       Petrifying        |       |       |     1 |     1 ||     2
       Paralysed         |       |       |       |     3 ||     3
       Confused          |       |       |       |     1 ||     1
  Eat: Chunk             |    13 |    11 |    26 |    27 ||    77
